 Dungeon Crawl Stone Soup version 0.26-a0-597-gb535b0901c (webtiles) character file.

Game seed: 12501432319168200845

(classic levelgen) 1211 EnegeticOcto the Chopper (level 8, -2/73 HPs)
             Began as a Deep Dwarf Fighter on Sept 8, 2020.
             Was an Initiate of Makhleb.
             Slain by a two-headed ogre
             ... wielding a +0 giant spiked club
              (19 damage)
             ... on level 8 of the Dungeon.
             The game lasted 00:01:36 (2856 turns).

EnegeticOcto the Chopper (Deep Dwarf Fighter)       Turns: 2856, Time: 00:01:37

Health: -2/73      AC: 11    Str: 21    XL:     8   Next: 22%
Magic:  6/6        EV:  6    Int: 10    God:    Makhleb [......]
Gold:   290        SH: 10    Dex: 12    Spells: 7/7 levels left

rFire    . . .     SeeInvis +   a - +0 war axe
rCold    . . .     Faith    .   c - +0 kite shield
rNeg     . . .     Spirit   .   y - +0 chain mail
rPois    +         Reflect  .   (no helmet)
rElec    .         Harm     .   o - +0 cloak
rCorr    .                      (no gloves)
MR       +....                  (no boots)
Stlth    ..........             (no amulet)
HPRegen  0.00/turn              B - ring of see invisible
MPRegen  0.10/turn              k - ring of poison resistance

@: lethally poisoned (-2 -> -15), non-regenerating
A: damage resistance, heal wounds, sense surroundings 1, no regeneration
a: Heal Wounds, Renounce Religion


You were on level 8 of the Dungeon.
You worshipped Makhleb.
Makhleb was noncommittal.
You visited 2 branches of the dungeon, and saw 9 of its levels.

You collected 290 gold pieces.

Inventory:

Hand Weapons
 a - a +0 war axe (weapon)
Armour
 c - a +0 kite shield (worn)
 o - a +0 cloak (worn)
 y - a +0 chain mail (worn)
Jewellery
 k - a ring of poison resistance (right hand)
 B - a ring of see invisible (left hand)
Wands
 i - a wand of iceblast (7) {@v2}
 s - a wand of polymorph (6)
 t - a wand of disintegration (12)
 w - a wand of paralysis (6)
 A - a wand of acid (8) {@v1}
Scrolls
 b - a scroll of random uselessness {unknown}
 e - 4 scrolls of identify {unknown}
 f - a scroll of enchant weapon {unknown}
 h - 4 scrolls of immolation {unknown}
 l - 3 scrolls of noise {unknown}
 p - a scroll of fog {unknown}
 q - a scroll of teleportation {unknown}
 r - 2 scrolls of remove curse {unknown}
 u - 2 scrolls of amnesia {unknown}
 v - a scroll of vulnerability {unknown}
Potions
 d - 3 potions of might {@q3}
 j - 4 potions of cancellation {unknown}
 m - 3 potions of curing {unknown}
 n - a potion of heal wounds {unknown}
 x - 2 potions of degeneration {unknown}
 z - a potion of invisibility {unknown}


   Skills:
 + Level 4.7 Fighting
 * Level 7.1 Axes
 + Level 5.7 Armour
 + Level 5.7 Shields
 + Level 1.8 Invocations


You had 7 spell levels left.
You didn't know any spells.
Your spell library was empty.

Dungeon Overview and Level Annotations

Branches:
Dungeon (8/15)             Temple (1/1) D:7
   Lair: D:8-11

Altars:
Cheibriados
Dithmenos
Elyvilon
Gozag
Kikubaaqudgha
Makhleb
Nemelex Xobeh
Ru
Vehumet
Xom
Yredelemnul

Annotations:
D:4 1 runed translucent door, Lanoc's ghost, amateur DsIE


Innate Abilities, Weirdness & Mutations

You are resistant to damage.
You can heal yourself by infusing magical energy.
You passively map a small area around you.
You do not regenerate.


Message History

The gnoll sergeant hits you from afar with a +2 spear of venom.
You are poisoned.
The gnoll hits you but does no damage.
Your chain mail prevents you from hitting the howler monkey.
The howler monkey is almost dead.
A gnoll comes into view. It is wielding a +0 spear.
The howler monkey hits you but does no damage.
A big kobold comes into view. It is wielding a +0 dagger.
The gnoll sergeant hits you from afar with a +2 spear of venom.
You block the gnoll's attack.
A gnoll comes into view. It is wielding a +0 flail.
The kobold hits you but does no damage.
The howler monkey hoots and howls with incredible vigour!
You hear a shout! x2; You hear a bark!
You hear a screech!
You hear an angry buzzing noise.
You closely miss the howler monkey.
The howler monkey is almost dead.
You slash the kobold!
You kill the kobold!
Makhleb accepts your kill.
The gnoll sergeant hits you from afar with a +2 spear of venom!
You are more poisoned.
You block the gnoll's attack. You block the howler monkey's attack.
The gnoll sergeant hits you from afar with a +2 spear of venom.
A kobold comes into view. It is wielding a +0 short sword.
There are monsters nearby!
There are monsters nearby!
You hit the howler monkey but do no damage.
The howler monkey is almost dead.
You hit the kobold but do no damage.
You feel sick.
The howler monkey hoots and howls with incredible vigour!
You block the gnoll's attack. You block the kobold's attack.
The gnoll sergeant hits you from afar with a +2 spear of venom.
The gnoll hits you but does no damage.
You hear a bark! x3; You hear an angry hiss.
You hear an angry buzzing noise.
There are monsters nearby!
You hit the two-headed ogre.
The two-headed ogre is lightly wounded.
You barely miss the kobold. You block the kobold's attack.
The gnoll sergeant barely misses you. You block the gnoll's attack.
You block the kobold's attack.
You closely miss the howler monkey.
The howler monkey is almost dead.
You hit the kobold.
You kill the kobold!
Makhleb accepts your kill.
You barely miss the two-headed ogre. The howler monkey hits you.
The two-headed ogre hits you but does no damage.
The two-headed ogre hits you with a +0 giant club.
The gnoll sergeant barely misses you. You block the gnoll's attack.
You block the howler monkey's attack.
The gnoll sergeant hits you from afar with a +2 spear of venom.
You slash the howler monkey!
You kill the howler monkey!
Makhleb accepts your kill.
You closely miss the two-headed ogre. You hit the gnoll.
The two-headed ogre completely misses you.
The two-headed ogre hits you but does no damage.
You block the gnoll's attack. x2; The gnoll barely misses you.
The gnoll sergeant hits you from afar with a +2 spear of venom.
You are more poisoned.
You hit the gnoll.
The gnoll is moderately wounded.
You hit the two-headed ogre.
You feel very sick. You block the gnoll's attack.
The two-headed ogre hits you with a +0 giant spiked club!
The two-headed ogre barely misses you. The gnoll completely misses you.
You block the gnoll sergeant's attack.
You barely miss the gnoll.
The gnoll is moderately wounded.
You slash the two-headed ogre!
You feel sick.
A jackal comes into view.
You block the gnoll's attack. x2
A gnoll comes into view. It is wielding a +0 spear.
The gnoll hits you but does no damage.
The two-headed ogre hits you with a +0 giant spiked club!!
* * * LOW HITPOINT WARNING * * *
The two-headed ogre hits you with a +0 giant club!
* * * LOW HITPOINT WARNING * * *
The gnoll sergeant hits you from afar with a +2 spear of venom.
You are lethally poisoned!
A human comes into view. It is wielding a +0 long sword.
The gnoll hits you but does no damage.
You are too injured to fight recklessly!
You are too injured to fight recklessly!
You are too injured to fight recklessly!
You are too injured to fight recklessly!
You are too injured to fight recklessly!
You are too injured to fight recklessly!
You are too injured to fight recklessly!
You feel much better.
You feel very sick. You block the gnoll's attack. x2
The gnoll sergeant hits you from afar with a +2 spear of venom.
A killer bee zombie comes into view.
The two-headed ogre hits you with a +0 giant spiked club!
* * * LOW HITPOINT WARNING * * *
The two-headed ogre hits you with a +0 giant club!!
You die...

..###.# * ,
...... * ....#
** * , h..# *
** * #..# # ,
*#..#** #> * ,
#.. *#.<#, ..#
.....##.##...#*
* .p....g@...#
* ......))O.##*
* ......ggg## *
, , ,
.......KK# * ,
, ..#....#.g ,
, ....... ##Z
** ....... . *
......# ,. ,


You could see a two-headed ogre, a human, a big kobold, a gnoll sergeant, 4
gnolls, a killer bee zombie (wandering), a jackal and a kobold.

Vanquished Creatures
  2 sky beasts
  A phantom (D:5)
  2 ice beasts
  An ogre (D:7)
  A centaur (D:6)
  A big kobold (D:7)
  A scorpion (D:5)
  2 howler monkeys (D:8)
  2 centaur zombies
  2 hounds
  A bullfrog skeleton (D:6)
  An iguana (D:4)
  An orc wizard (D:5)
  A hound skeleton (D:8)
  A howler monkey skeleton (D:5)
  9 adders
  2 shadow imps
  3 white imps
  An ufetubus (D:5)
  3 worms
  4 leopard geckos
  4 orcs (D:5)
  2 giant cockroaches
  A hobgoblin (D:2)
  A quokka (D:4)
  9 bats
  5 frilled lizards
  11 kobolds
  A rat (D:2)
  A spectral orc (D:7)
77 creatures vanquished.

Notes
Turn   | Place    | Note
-------+----------+-------------------------------------------
     0 | D:1      | EnegeticOcto the Deep Dwarf Fighter began the quest for the
                  | Orb.
     0 | D:1      | Reached XP level 1. HP: 20/20 MP: 1/1
   149 | D:3      | Reached XP level 2. HP: 18/27 MP: 2/2
   227 | D:4      | Reached skill level 3 in Axes
   227 | D:4      | Reached XP level 3. HP: 29/33 MP: 3/3
   301 | D:4      | Reached XP level 4. HP: 24/42 MP: 4/4
   502 | D:4      | Noticed Lanoc's ghost (amateur DsIE)
   536 | D:5      | Entered Level 5 of the Dungeon
   545 | D:5      | Found a shimmering altar of Xom.
   579 | D:5      | Reached skill level 4 in Axes
   579 | D:5      | Reached XP level 5. HP: 30/49 MP: 5/5
   715 | D:4      | Found a runed translucent door.
  1074 | D:5      | Noticed an ice beast
  1098 | D:5      | Killed an ice beast
  1098 | D:5      | Reached XP level 6. HP: 29/57 MP: 6/6
  1130 | D:5      | Reached skill level 5 in Axes
  1315 | D:5      | Noticed a sky beast
  1333 | D:5      | Killed a sky beast
  1425 | D:5      | Found an opulent altar of Gozag.
  1528 | D:5      | Reached XP level 7. HP: 41/64 MP: 6/6
  1591 | D:5      | Reached skill level 5 in Armour
  1591 | D:5      | Reached skill level 5 in Shields
  2011 | D:6      | Reached skill level 6 in Axes
  2505 | D:7      | Found a staircase to the Ecumenical Temple.
  2523 | Temple   | Entered the Ecumenical Temple
  2545 | Temple   | Became a worshipper of Makhleb the Destroyer
  2645 | D:7      | Reached skill level 1 in Invocations
  2645 | D:7      | Reached XP level 8. HP: 46/73 MP: 5/5
  2657 | D:7      | Reached skill level 7 in Axes
  2802 | D:7      | Found a basalt altar of Yredelemnul.
  2847 | D:8      | Noticed a two-headed ogre
  2856 | D:8      | Slain by a two-headed ogre

Illustrated notes

Levels and vault maps discovered:
D:1:      giann_horns, layout_basic, minmay_tromino_v7
D:2:      minmay_door_path, layout_basic, eat_drink_and_be_merry_uskayaw
D:3:      layout_loops_corners
D:4:      layout_basic, hellmonk_ghost_happy_afterlife, minmay_misc_feat_plants
D:5:      layout_loops_ring, nicolae_gozag_cash_rules_everything_around_me,
          xom_teletrap_fun, chequers_serial_rivers_micro_a
D:6:      layout_loops_ring, roderic_batcave
D:7:      layout_rooms, yredelemnul_forgotten_temple_becter, temple_fountains
D:8:      layout_cave_pools, nicolae_tso_carved_into_rock, okawaru_humans
Temple:   eino_temple_scatter_basement

Skill      XL: |  1  2  3  4  5  6  7  8 |
---------------+-------------------------+-----
Axes           | 3 4 5 6 7 |  7.1
Fighting       | 3 4 |  4.7
Armour         | 4 5 |  5.7
Shields        | 4 5 |  5.7
Invocations    | 1 |  1.8

Action                   |  1- 3 |  4- 6 |  7- 9 || total
-------------------------+-------+-------+-------++-------
Melee: War axe           |    62 |   144 |   133 ||   339
 Abil: Heal Wounds       |     1 |     4 |     5 ||    10
Armor: Scale mail        |    15 |    67 |    44 ||   126
       Chain mail        |       |       |    32 ||    32
Dodge: Dodged            |    21 |    42 |    41 ||   104
Block: Kite shield       |    42 |    78 |    95 ||   215

Table legend: (Time is in decaauts)
 A = Elapsed time spent in this place.
 B = Non-inter-level travel time spent in this place.
 C = Inter-level travel time spent in this place.
 D = Time resting spent in this place.
 E = Time spent auto-exploring this place.
 F = Levels seen in this place.
 G = Mean time per level.
                   A        B        C        D        E       F      G
               +--------+--------+--------+--------+--------+-----+--------+
         Total |   2964 |   2691 |    273 |      0 |   1994 |   9 |  329.3 |
       Dungeon |   2930 |   2667 |    263 |      0 |   1980 |   8 |  366.2 |
        Temple |     33 |     23 |     10 |      0 |     14 |   1 |   33.0 |
               +--------+--------+--------+--------+--------+-----+--------+

Top non-repeatable levels by time:
     D:5: 819 daAuts
     D:4: 793 daAuts
     D:6: 647 daAuts
     D:7: 408 daAuts
     D:3: 91 daAuts
     D:2: 84 daAuts
     D:1: 60 daAuts
  Temple: 33 daAuts
     D:8: 24 daAuts
